 Dungeon Crawl Stone Soup version 0.24-a0-434-gd57e52fea8 (webtiles) character file.

Game seed: 5115909054600579153

44 Azzok the Shield-Bearer (level 3, 0/29 HPs)
             Began as a Formicid Fighter on June 16, 2019.
             Succumbed to an adder's poison
             ... on level 2 of the Dungeon.
             The game lasted 00:01:18 (1105 turns).

Azzok the Shield-Bearer (Formicid Fighter)          Turns: 1105, Time: 00:01:18

Health: 0/29       AC:  6    Str: 21    XL:     3   Next: 87%
Magic:  3/3        EV:  8    Int:  7    God:
Gold:   64         SH:  9    Dex: 10    Spells: 2/2 levels left

rFire    . . .     SeeInvis +   a - +0 war axe
rCold    . . .     Gourm    .   c - +0 shield
rNeg     . . .     Faith    .   b - +0 scale mail
rPois    .         Spirit   .   (helmet unavailable)
rElec    .         Reflect  .   (no cloak)
rCorr    .         Harm     .   (no gloves)
MR       .....                  (no boots)
Stlth    ..........             (no amulet)
HPRegen  0.09/turn              (no ring)
MPRegen  0.08/turn              (no ring)

@: lethally poisoned (0 -> -7)
A: permanent stasis, dig shafts and tunnels, four strong arms, antennae 3
a: Dig, Shaft Self


You were on level 2 of the Dungeon.
You were hungry.

You visited 1 branch of the dungeon, and saw 2 of its levels.

You collected 64 gold pieces.

Inventory:

Hand Weapons
 a - a +0 war axe (weapon)
Armour
 b - a +0 scale mail (worn)
 c - a +0 shield (worn)
Jewellery
 j - a +3 ring of intelligence {unknown}
Scrolls
 e - 2 scrolls of amnesia {unknown}
 h - 2 scrolls of teleportation {unknown}
 k - a scroll of identify {unknown}
Potions
 d - 3 potions of might
 i - a potion of lignification {unknown}
 l - 2 potions of flight {unknown}
 m - a potion of curing {unknown}
Comestibles
 f - 2 rations


   Skills:
 - Level 3.2 Fighting
 + Level 3.0 Axes
 - Level 3.2 Armour
 + Level 4.6 Shields


You had 2 spell levels left.
You didn't know any spells.
Your spell library was empty.

Dungeon Overview and Level Annotations

Branches:
Dungeon (2/15)

Altars:
Xom


Innate Abilities, Weirdness & Mutations

You cannot be hasted, slowed, berserked, paralysed or teleported.
You can dig through walls and to a lower floor.
Your four strong arms can wield two-handed weapons with a shield.
You have a pair of large antennae on your head. (SInv)


Message History

You barely miss the adder.
The adder is severely wounded.
The adder bites you but does no damage. You block the adder's attack.
You closely miss the adder.
The adder is severely wounded.
You feel sick. The adder bites you but does no damage.
The adder barely misses you.
You barely miss the adder.
The adder is severely wounded.
The adder bites you but does no damage.
You barely miss the adder.
The adder is severely wounded.
The adder bites you.
* * * LOW HITPOINT WARNING * * *
You are more poisoned.
The adder poisons you! The adder barely misses you.
You slash the adder!
You kill the adder!
Your Axes skill increases to level 3!
You die...

▒ ▒········ ▒
▒·▒▒▒▒▒▒▒▒▒· ▒
▒·▒········· ▒▒▒·
▒··········· ·
·····▒▒▒·▒▒▒▒▒·▒▒▒^▒
▒··········▒ ···
▒▒▒▒▒▒▒▒▒▒▒······▒ ≈·♣
··············▒··▒··♣^·♣
▒▒▒▒▒▒▒▒▒▒▒▒▒·▒·@·≈·▒__^
▒·▒··▒··_·≈♣ ▒·▒▒▒▒
_·§·· ▒·· _♣≈· ▒▒▒ ▒ ▒


There were no monsters in sight!

Vanquished Creatures
  An adder (D:2)
  A giant cockroach (D:1)
  5 goblins (D:1)
  2 hobgoblins (D:1)
  7 jackals (D:1)
  6 bats
  2 frilled lizards (D:1)
  4 kobolds (D:1)
  5 rats (D:1)
33 creatures vanquished.

Vanquished Creatures (others)
  A bat (D:1)
1 creature vanquished.

Grand Total: 34 creatures vanquished

Notes
Turn   | Place    | Note
-------+----------+-------------------------------------------
     0 | D:1      | Azzok the Formicid Fighter began the quest for the Orb.
     0 | D:1      | Reached XP level 1. HP: 18/18 MP: 1/1
   184 | D:1      | Reached XP level 2. HP: 23/24 MP: 2/2
   190 | D:1      | Reached skill level 4 in Shields
   429 | D:1      | Reached XP level 3. HP: 29/29 MP: 3/3
  1065 | D:2      | Found a shimmering altar of Xom.
  1075 | D:2      | Found a shimmering altar of Xom.
  1075 | D:2      | Found a shimmering altar of Xom.
  1077 | D:2      | Found a shimmering altar of Xom.
  1077 | D:2      | Found a shimmering altar of Xom.
  1104 | D:2      | HP: 1/29 [adder (4)]
  1105 | D:2      | Succumbed to an adder's poison

Levels and vault maps discovered:
D:1:      psy_arrival_conway, layout_loops_cross
D:2:      layout_basic, xom_redecorated, marbit_many_paths, first_ration,
          grunt_qazlal_clouds

Skill      XL: |  1  2  3 |
---------------+----------+-----
Shields        | 4 |  4.6
Axes           | 3 |  3.0
Fighting       | |  3.2
Armour         | |  3.2

Action                   || total
-------------------------++-------
Melee: War axe           ||   112
Armor: Scale mail        ||    49
Dodge: Dodged            ||    61
Block: Shield            ||    82

Table legend:
 A = Non-vault XP
 B = Vault XP
 C = Vault XP percentage of total XP
 D = Non-vault monster count
 E = Vault monster count
 F = Vault count percentage of total count
                 A         B        C        D         E       F
            +---------+---------+-------+---------+---------+-------
      Total |      64 |       0 |   0.0 |      33 |       0 |   0.0
            +---------+---------+-------+---------+---------+-------
        D:1 |      49 |       0 |   0.0 |      31 |       0 |   0.0
        D:2 |      15 |       0 |   0.0 |       2 |       0 |   0.0
            +---------+---------+-------+---------+---------+-------
